 Dungeon Crawl Stone Soup version 0.27-a0-887-gcab673c142 (webtiles) character file.

Game seed: 11635483663946110390

19 Froggeryz the Caller (level 2, -1/24 HPs)
             Began as a Minotaur Summoner on Apr 4, 2021.
             Slain by a gnoll
             ... wielding a +0 club
              (2 damage)
             ... on level 1 of the Dungeon.
             The game lasted 00:00:58 (968 turns).

Froggeryz the Caller (Minotaur Summoner)             Turns: 968, Time: 00:00:58

Health: -1/24      AC:  3    Str: 12    XL:     2   Next: 55%
Magic:  1/3        EV: 12    Int: 12    God:
Gold:   26         SH:  0    Dex: 10    Spells: 2/3 levels left

rFire    . . .     SeeInvis .   (no weapon)
rCold    . . .     Faith    .   (no shield)
rNeg     . . .     Spirit   .   a - +0 robe
rPois    .         Reflect  .   (helmet restricted)
rElec    .         Harm     .   (no cloak)
rCorr    .         Rampage  .   (no gloves)
Will     .....                  d - +0 pair of boots
Stlth    ++........             (no amulet)
HPRegen  0.08/turn              (no ring)
MPRegen  0.08/turn              (no ring)

@: no status effects
A: horns 2, retaliatory headbutt
a: no special abilities


You were on level 1 of the Dungeon.
You visited 1 branch of the dungeon, and saw 1 of its levels.

You collected 26 gold pieces.

Inventory:

Armour
 a - a +0 robe (worn)
 d - a +0 pair of boots (worn)
Jewellery
 e - an amulet of reflection
Scrolls
 b - a scroll of blinking {unknown}
 c - 2 scrolls of identify {unknown}


   Skills:
 + Level 1.9 Fighting
 + Level 1.8 Armour
 - Level 2.1 Dodging
 - Level 1.5 Stealth
 - Level 1.3 Spellcasting
 - Level 2.9 Summonings


You had 2 spell levels left.
You knew the following spells:

 Your Spells              Type           Power      Damage    Failure   Level
a - Summon Small Mammal   Summ           28%        N/A       9%          1

Your spell library contained the following spells:

 Spells                   Type           Power      Damage    Failure   Level
 Call Imp                 Summ           7%         N/A       13%         2
 Call Canine Familiar     Summ           7%         N/A       26%         3
 Summon Guardian Golem    Hex/Summ       4%         N/A       43%         3
 Summon Ice Beast         Ice/Summ       4%         N/A       83%         4
 Summon Lightning Spire   Summ/Air       4%         N/A       83%         4


Dungeon Overview and Level Annotations

Branches:
Dungeon (1/15)

Altars:


Innate Abilities, Weirdness & Mutations

You have a pair of horns on your head.
You reflexively headbutt those who attack you in melee.


Message History

Your bat hits the gnoll but does no damage.
The gnoll hits you with a +0 club.
* * * LOW HITPOINT WARNING * * *
The hobgoblin hits you.
* * * LOW HITPOINT WARNING * * *
Your bat hits the gnoll but does no damage.
You closely miss the gnoll.
The gnoll is heavily wounded.
Your bat barely misses the gnoll.
Your bat hits the gnoll but does no damage.
The gnoll barely misses you. You furiously retaliate!
You headbutt the gnoll.
Your bat hits the hobgoblin but does no damage.
The hobgoblin hits your bat.
You closely miss the gnoll.
The gnoll is severely wounded.
Your bat hits the gnoll but does no damage. x2
Your bat closely misses the hobgoblin.
Your bat hits the gnoll but does no damage.
The gnoll barely misses your bat.
The hobgoblin hits you but does no damage.
You barely miss the gnoll. You headbutt the gnoll.
The gnoll is almost dead.
Your bat hits the gnoll but does no damage. x2
The gnoll closely misses you.
Your bat hits the hobgoblin but does no damage.
The hobgoblin hits you but does no damage.
Your bat closely misses the gnoll.
You barely miss the gnoll.
The gnoll is severely wounded.
Your bat hits the gnoll but does no damage.
Your bat barely misses the gnoll.
The gnoll hits you with a +0 club.
* * * LOW HITPOINT WARNING * * *
The hobgoblin completely misses you.
Unknown command.
You hit the gnoll but do no damage.
The gnoll is severely wounded.
Your bat closely misses the gnoll.
Your bat hits the hobgoblin but does no damage.
The gnoll hits you with a +0 club.
You die...

#. #> # #. #.#.
########## #.#.###
#........# # ...$.
+.....g..+
#..###..####........#
#............g#######
##
#.####......b@b......
..
#(..........#g####.##
# #.#####.)####.#
#........## #.#
#####.....###.#
#.###.........#
#........###..#
#.###.....#...#
#...#.#.###


You could see a gnoll (ally target), a hobgoblin and 2 friendly bats.

Vanquished Creatures
  A dart slug (D:1)
  3 endoplasms (D:1)
  3 goblins (D:1)
  3 hobgoblins (D:1)
  A quokka (D:1)
  2 ball pythons (D:1)
  A kobold (D:1)
  2 rats (D:1)
16 creatures vanquished.

Notes
Turn   | Place    | Note
-------+----------+-------------------------------------------
     0 | D:1      | Froggeryz the Minotaur Summoner began the quest for the
                  | Orb.
     0 | D:1      | Reached XP level 1. HP: 14/14 MP: 1/1
   288 | D:1      | Reached skill level 1 in Fighting
   288 | D:1      | Reached skill level 1 in Armour
   489 | D:1      | Reached XP level 2. HP: 6/23 MP: 3/3
   967 | D:1      | HP: 1/24 [gnoll/+0 club (3)]
   968 | D:1      | Slain by a gnoll

Illustrated notes

Levels and vault maps discovered:
D:1:      eino_arrival_tree_alley, layout_basic, basic_ecumenical_altar,
          minmay_pentomino_t2

Skill      XL: |  1 |
---------------+----+-----
Fighting       | 1 |  1.9
Armour         | 1 |  1.8
Dodging        | |  2.1
Stealth        | |  1.5
Spellcasting   | |  1.3
Summonings     | |  2.9

Action                   || total
-------------------------++-------
Melee: Unarmed           ||    66
       Headbutt          ||    10
 Cast: Summon Small Mamm ||     2
 Stab: Sleeping          ||     2
Armor: Robe              ||    12
Dodge: Dodged            ||    33

Table legend: (Time is in decaauts)
 A = Elapsed time spent in this place.
 B = Non-inter-level travel time spent in this place.
 C = Inter-level travel time spent in this place.
 D = Time resting spent in this place.
 E = Time spent auto-exploring this place.
 F = Levels seen in this place.
 G = Mean time per level.
                   A        B        C        D        E       F      G
               +--------+--------+--------+--------+--------+-----+--------+
         Total |    968 |    968 |      0 |    360 |    452 |   1 |  968.0 |
       Dungeon |    968 |    968 |      0 |    360 |    452 |   1 |  968.0 |
               +--------+--------+--------+--------+--------+-----+--------+

Top non-repeatable levels by time:
     D:1: 968 daAuts
